 Dungeon Crawl Stone Soup version 0.26.1-2-gb8aa6d0cf2 (webtiles) character file.

Game seed: 1159305136484768216

287 Groucho the Ruffian (level 6, -2/53 HPs)
             Began as a Ghoul Monk on Feb 15, 2021.
             Slain by an ogre
             ... wielding a +0 giant club
              (23 damage)
             ... on level 4 of the Dungeon.
             The game lasted 00:14:18 (5507 turns).

Groucho the Ruffian (Ghoul Monk)                    Turns: 5507, Time: 00:14:18

Health: -2/53      AC:  3    Str: 15    XL:     6   Next: 30%
Magic:  5/5        EV: 13    Int:  7    God:
Gold:   273        SH:  0    Dex: 11    Spells: 5/5 levels left

rFire    . . .     SeeInvis .     - Unarmed
rCold    + . .     Faith    .   (no shield)
rNeg     + + +     Spirit   .   a - +0 robe
rPois    ∞         Reflect  .   l - +0 helmet
rElec    .         Harm     .   (no cloak)
rCorr    .         Rampage  .   (no gloves)
Will     .....                  (no boots)
Stlth    ++........             (no amulet)
HPRegen  0.00/turn              (no ring)
MPRegen  0.09/turn              (no ring)

@: no status effects
A: claws 1, cold resistance 1, negative energy resistance 3, inhibited
regeneration, torment resistance, unbreathing
a: no special abilities


You were on level 4 of the Dungeon.
You visited 1 branch of the dungeon, and saw 4 of its levels.
You also visited: Sewer.

You collected 273 gold pieces.

Inventory:

Hand Weapons
 v - a +2 dagger of venom
Missiles
 c - 96 stones
 i - 11 poisoned darts (quivered)
 n - 8 javelins
 x - 2 boomerangs
Armour
 a - a +0 robe (worn)
 l - a +0 helmet (worn)
 o - a +0 leather armour
Jewellery
 e - a cursed amulet of inaccuracy {unknown}
 u - an uncursed ring of resist corrosion {unknown}
Wands
 t - a wand of iceblast (9)
Scrolls
 f - 3 scrolls of enchant weapon {unknown}
 h - 2 scrolls of blinking {unknown}
 j - 3 scrolls of teleportation {unknown}
 k - 2 scrolls of remove curse {unknown}
 q - 4 scrolls of identify {unknown}
 s - 2 scrolls of fear {unknown}
 y - a scroll of fog {unknown}
Potions
 b - 3 potions of curing
 d - 2 potions of heal wounds {unknown}
 g - a potion of invisibility {unknown}
 m - 2 potions of degeneration {unknown}
 p - a potion of lignification {unknown}
 r - a potion of flight {unknown}
 w - 2 potions of brilliance {unknown}
 z - a potion of might {unknown}


   Skills:
 + Level 4.6 Fighting
 + Level 3.9 Dodging
 + Level 4.2 Stealth
 + Level 4.6 Unarmed Combat


You had 5 spell levels left.
You didn't know any spells.
Your spell library was empty.

Dungeon Overview and Level Annotations

Branches:
Dungeon (4/15)              Sewer (visited)
 Temple: D:4-7

Altars:
Ashenzari
Gozag
Uskayaw
Xom


Innate Abilities, Weirdness & Mutations

You thrive by killing the living.
You are immune to poison.
You have sharp fingernails.
Your flesh is cold resistant. (rC+)
You are immune to negative energy. (rN+++)
You do not regenerate when monsters are visible.
You are immune to unholy pain and torment.
You can survive without breathing.


Message History

Unknown command.
You scratch the ogre.
The ogre is severely wounded.
The ogre closely misses you.
Unknown command.
Throw: 13 darts (poison)
Press: ? - help, Q - select action, (/) - cycle Shift-Dir - straight line, f/p - ogre
Aim: an ogre, wielding a +0 giant club (severely wounded, poisoned, 73% to hit)
You throw a poisoned dart. The poisoned dart hits the ogre.
The ogre is severely wounded.
Unknown command.
Unknown command.
Throw: 12 darts (poison)
Press: ? - help, Q - select action, (/) - cycle Shift-Dir - straight line, f/p - ogre
Aim: an ogre, wielding a +0 giant club (severely wounded, poisoned, 73% to hit)
You throw a poisoned dart. The poisoned dart hits the ogre.
The ogre looks even sicker.
The ogre is severely wounded.
The ogre hits you with a +0 giant club!!
You die...

.#. ... #.#
#.# #.#
#.#######
#...((...
##.##########
#..(..(...O@#
#..##########
#..# #####
#..####...#
#.......###
#..######
#..#
#..#######
#.........


You could see an ogre (very poisoned).

Vanquished Creatures
  A bullfrog (Sewer)
  A hound (D:3)
  An iguana (D:2)
  A gnoll (D:3)
  A river rat (D:3)
  4 adders
  2 oozes
  2 worms (D:3)
  3 dart slugs
  4 leopard geckos
  An orc (D:3)
  6 ball pythons
  7 bats
  11 giant cockroaches
  9 goblins
  3 hobgoblins
  7 jackals (D:1)
  A quokka (D:3)
  7 frilled lizards
  8 kobolds
  13 rats
93 creatures vanquished.

Notes
Turn   | Place    | Note
-------+----------+-------------------------------------------
     0 | D:1      | Groucho the Ghoul Monk began the quest for the Orb.
     0 | D:1      | Reached XP level 1. HP: 19/19 MP: 0/0
   206 | D:1      | Reached XP level 2. HP: 17/26 MP: 1/1
  1063 | D:1      | Reached XP level 3. HP: 30/31 MP: 2/2
  1643 | D:2      | Reached XP level 4. HP: 10/40 MP: 3/3
  2652 | D:3      | Found a broken altar of Ashenzari.
  2749 | D:3      | Noticed a +0 dagger
  2750 | D:3      | Noticed a +0 hand axe
  2766 | D:3      | Found a glowing drain.
  2802 | D:3      | Found a hide-covered altar of Uskayaw.
  2835 | D:3      | Reached XP level 5. HP: 24/46 MP: 4/4
  2855 | Sewer    | Entered a sewer
  4318 | D:3      | Reached XP level 6. HP: 40/53 MP: 5/5
  5004 | D:3      | Found an opulent altar of Gozag.
  5200 | D:3      | Found a shimmering altar of Xom.
  5507 | D:4      | Slain by an ogre

Illustrated notes

Levels and vault maps discovered:
D:1:      ebering_trefoil_3fold, layout_basic
D:2:      layout_rooms
D:3:      layout_basic, dancing_weapons_uskayaw, nicolae_gozag_seed_capital,
          tgw_xom, ashenzari_altar_1, portal_sewer_entry_c
D:4:      minmay_polygon_palace, layout_loops_ring,
          grunt_temple_overflow_diamond, chequers_serial_rivers_micro_a,
          minmay_rat_hole, uniq_eustachio, uniq_robin

Skill      XL: |  1  2  3  4  5 |
---------------+----------------+-----
Dodging        | 3 |  3.9
Stealth        | 3 4 |  4.2
Fighting       | 4 |  4.6
Unarmed Combat | 4 |  4.6

Action                   |  1- 3 |  4- 6 || total
-------------------------+-------+-------++-------
Melee: Unarmed           |    92 |   186 ||   278
       Punch             |     3 |     6 ||     9
Throw: Dart              |    10 |    57 ||    67
       Stone             |       |    11 ||    11
 Stab: Sleeping          |     4 |     4 ||     8
Armor: Robe              |    11 |    39 ||    50
Dodge: Dodged            |    62 |   124 ||   186
